 Dungeon Crawl Stone Soup version 0.31.0-9-g3a7656b989 (webtiles) character file.

Game seed: 15332611569455694644

8 Colgate the Poker (level 2, 22/24 HPs)
             Began as a Demonspawn Cinder Acolyte on Feb 2, 2024.
             Was a High Priest of Ignis.
             Quit the game on level 1 of the Dungeon.
             The game lasted 00:00:29 (227 turns).

Colgate the Poker (Demonspawn Cinder Acolyte)        Turns: 227, Time: 00:00:30

Health: 22/24      AC:  2    Str: 14    XL:     2   Next: 0%
Magic:  3/3        EV: 11    Int: 14    God:    Ignis [*****.]
Gold:   0          SH:  0    Dex:  8    Spells: 3/3 levels left

rFire   + . .        a - -1 spear (flame)
rCold   . . .        (no shield)
rNeg    . . .        b - +0 robe
rPois   .            (no helmet)
rElec   .            (no cloak)
rCorr   .            (no gloves)
SInv    .            (no boots)
Will    .....        (no amulet)
Stlth   +            (no ring)
HPRegen 0.24/turn    (no ring)
MPRegen 0.08/turn

%: no passive effects
@: no status effects
A: foul stench 1
a: Renounce Religion, Fiery Armour, Foxfire Swarm, Rising Flame


You were on level 1 of the Dungeon.
You worshipped Ignis.
Ignis was extremely pleased with you.
You visited 1 branch of the dungeon, and saw 1 of its levels.

Inventory:

Hand Weapons
 a - a -1 spear of flaming (weapon)
Armour
 b - a +0 robe (worn)
Scrolls
 c - a scroll of enchant weapon {unknown}
Potions
 d - a potion of haste {unknown}


   Skills:
 - Level 3.0 Fighting
 + Level 3.2 Polearms
 - Level 1.0 Spellcasting
 - Level 2.6 Fire Magic


You had 3 spell levels left.
You didn't know any spells.
Your spell library contained the following spells:

 Spells                   Type           Power      Damage    Failure   Level
 Scorch                   Fire           16%        2d5       13%         2
 Ensorcelled Hibernation  Hex/Ice        0%         N/A       36%         2
 Dazzling Flash           Conj/Hex       0%         N/A       61%         3
 Fugue of the Fallen      Necr           0%         N/A       61%         3
 Mephitic Cloud           Conj/Alch/Air  0%         N/A       61%         3
 Anguish                  Hex/Necr       0%         N/A       95%         4
 Curse of Agony           Necr           0%         N/A       100%        5
 Silence                  Hex/Air        0%         N/A       100%        5


Dungeon Overview and Level Annotations

Branches:
Dungeon (1/15)

Altars:


Innate Abilities, Weirdness & Mutations

You may rarely emit foul miasma when damaged in melee.


Message History

Key pressed, stopping explore.
No target in view!
Key pressed, stopping explore.
No target in view!
Key pressed, stopping explore.
No target in view!
You see here a +0 dagger of venom.
No target in view!
There is a stone staircase leading down here.
A rat comes into view.
A rat is nearby!
You hit the rat. You burn the rat.
You kill the rat!
A hobgoblin comes into view.
The hobgoblin shouts!
An endoplasm comes into view.
The hobgoblin moves out of view.
The endoplasm quivers.
There are monsters nearby!
You reach to attack!
You hit the endoplasm. You burn the endoplasm.
There are monsters nearby!
You hit the endoplasm but do no damage. The endoplasm freezes you.
You are frozen.
There are monsters nearby!
You barely miss the endoplasm. The endoplasm barely misses you.
There are monsters nearby!
You barely miss the endoplasm. The endoplasm closely misses you.
The hobgoblin misses you.
There are monsters nearby!
You hit the endoplasm but do no damage. The hobgoblin hits you.
The endoplasm hits you but does no damage.
There are monsters nearby!
You hit the endoplasm. You burn the endoplasm.
You kill the endoplasm!
The hobgoblin barely misses you.
You have reached level 2!
Your demonic ancestry asserts itself...
You begin to emit a foul stench of rot and decay.
Are you sure you want to abandon this character and quit the game? (Confirm with "yes".)

#########
#.......###
#......... #.......#
#### #....g..# #...
#@# #.## #.# #.##
################.#
#.##
...............#.#
#.##
.#############.#.#
#.## .# #######.#.##
#.## .# #.....#....#
#.# .###
#.....#....## #.#
...#####.....#.....#
#.#


You could see a hobgoblin.

Vanquished Creatures
  A bat (D:1)
  An endoplasm (D:1)
  2 jackals (D:1)
  A quokka (D:1)
  2 rats (D:1)
7 creatures vanquished.

Notes
Turn   | Place    | Note
-------+----------+-------------------------------------------
     0 | D:1      | Colgate the Demonspawn Cinder Acolyte began the quest for
                  | the Orb.
     0 | D:1      | Reached XP level 1. HP: 18/18 MP: 2/2
   227 | D:1      | Gained mutation: You may rarely emit foul miasma when
                  | damaged in melee. [demonic ancestry]
   227 | D:1      | Reached XP level 2. HP: 22/24 MP: 3/3
   227 | D:1      | Quit the game

Illustrated notes

Levels and vault maps discovered:
D:1:      nzn_arrival_settlement, layout_basic, hangedman_decor_points,
          kennysheep_decorative_pillar, minivault_14

Skill      XL: |  1 |
---------------+----+-----
Polearms       | 3 |  3.2
Fighting       | |  3.0
Spellcasting   | |  1.0
Fire Magic     | |  2.6

Action                     || total
---------------------------++-------
  Melee: Spear             ||    30
 Armour: Robe              ||    13
  Dodge: Dodged            ||    24
